 Dungeon Crawl Stone Soup version 0.23-a0-180-ga5275e7 (webtiles) character file.

240 Inarius the Skirmisher (level 5, 0/43 HPs)
             Began as a Mummy Fighter on Sept 18, 2018.
             Killed by divine providence
             ... invoked by an orc priest
              (13 damage)
             ... on level 3 of the Dungeon.
             The game lasted 00:07:49 (3462 turns).

Inarius the Skirmisher (Mummy Fighter)              Turns: 3462, Time: 00:07:49

Health: 0/43       AC: 11    Str: 21    XL:     5   Next: 79%
Magic:  5/5        EV:  5    Int:  7    God:
Gold:   252        SH:  9    Dex: 11    Spells: 4/4 levels left

rFire    x . .     SeeInvis +   a - +0 war axe
rCold    + . .     Gourm    .   c - +0 shield
rNeg     + + +     Faith    .   r - +0 chain mail
rPois    ∞         Spirit   .   (no helmet)
rElec    .         Reflect  .   p - +0 cloak
rCorr    .         Harm     .   k - +0 pair of gloves
MR       .....                  (no boots)
Stlth    ..........             o - amulet of regeneration
HPRegen  0.54/turn              f - ring of see invisible
MPRegen  0.09/turn              (no ring)

@: drained
A: no food or potions, fire vulnerability, cold resistance 1, negative energy
resistance 3, torment resistance, unbreathing
a: no special abilities


You were on level 3 of the Dungeon.
You were not hungry.

You visited 1 branch of the dungeon, and saw 4 of its levels.

You collected 252 gold pieces.

Inventory:

Hand Weapons
 a - a +0 war axe (weapon)
Armour
 c - a +0 shield (worn)
 k - a +0 pair of gloves (worn)
 p - a +0 cloak (worn)
 r - a +0 chain mail (worn)
Jewellery
 f - a ring of see invisible (left hand)
 o - an amulet of regeneration (around neck)
 q - an uncursed amulet of faith {unknown}
Wands
 n - a wand of clouds (4)
Scrolls
 b - a scroll of enchant armour {unknown}
 d - 3 scrolls of magic mapping
 e - a scroll of noise {unknown}
 g - a scroll of fog {unknown}
 h - 6 scrolls of identify {unknown}
 i - a scroll of enchant weapon {unknown}
 j - a scroll of amnesia {unknown}
 l - a scroll of teleportation {unknown}
 m - a scroll of blinking {unknown}


   Skills:
 * Level 4.5(3.7) Fighting
 - Level 1.6(0.9) Axes
 + Level 3.8(3.0) Armour
 + Level 3.4(2.6) Shields


You had 4 spell levels left.
You didn't know any spells.
Your spell library contained the following spells:

 Spells                   Type           Power        Failure   Level  Hunger
 Flame Tongue             Conj/Fire      #....        100%        1    N/A
 Summon Butterflies       Summ           #.......     100%        1    N/A
 Summon Small Mammal      Summ           #...         100%        1    N/A
 Ignite Poison            Fire/Tmut/Pois #.......     100%        3    N/A
 Dragon's Call            Summ           #.........   100%        9    N/A

Dungeon Overview and Level Annotations

Branches:
Dungeon (4/15)
 Temple: D:4-7

Altars:
Makhleb
Ru
The Shining One


Innate Abilities, Weirdness & Mutations

You do not eat or drink.
Your flesh is vulnerable to fire.
You are immune to poison.
Your flesh is cold resistant. (rC+)
You are immune to negative energy. (rN+++)
You are immune to unholy pain and torment.
You can survive without breathing.


Message History

You block the orc priest's attack.
You closely miss the orc priest.
The orc priest is moderately wounded.
The orc priest hits you but does no damage.
Your chain mail prevents you from hitting the orc priest.
The orc priest is moderately wounded.
The orc priest looks braver for a moment.
The orc priest hits you with a flail.
* * * LOW HITPOINT WARNING * * *
You closely miss the orc priest.
The orc priest is moderately wounded.
You block the orc priest's attack.
Your shield and chain mail prevent you from hitting the orc priest.
The orc priest is moderately wounded.
The orc priest barely misses you.
You barely miss the orc priest.
The orc priest is moderately wounded.
The orc priest invokes the aid of Beogh against you.
Beogh smites you!
You die...

#.#####...##...#...#####.#
#.# ##.####<.#.### #.# #.#
#.####....# #.#
#.######.#.......# #.#
....[............# #.#
.........#.......# #.###
..)[###.##.>.....## #...#
#.#.###.##........# ###.#
#.[..##.##......@.# #.#
#.....#.##......o.# #.#
..............##..# #.#
#.....#.########..# #.#
##...##.## #..# #.#
##.##...## #..##### #.#
#.#.....### #......# #.#
#.#.!.....#####.###.####.#
#.#.....#................#


You could see an orc priest.

Vanquished Creatures
  2 orc wizards
  Natasha (D:4)
  Ijyb (D:3)
  3 adders
  An adder skeleton (D:4)
  3 worms
  A dart slug (D:3)
  3 leopard geckos
  8 orcs
  3 ball pythons
  6 bats
  4 giant cockroaches
  5 goblins
  4 hobgoblins
  10 jackals (D:3)
  2 quokkas (D:2)
  2 frilled lizards (D:1)
  11 kobolds
  9 rats (D:1)
79 creatures vanquished.

Notes
Turn   | Place    | Note
-------+----------+-------------------------------------------
     0 | D:1      | Inarius the Mummy Fighter began the quest for the Orb.
     0 | D:1      | Reached XP level 1. HP: 18/18 MP: 1/1
   309 | D:1      | Reached XP level 2. HP: 24/24 MP: 2/2
   699 | D:2      | Reached XP level 3. HP: 25/29 MP: 3/3
   971 | D:2      | Found a sacrificial altar of Ru.
   987 | D:2      | Reached XP level 4. HP: 37/37 MP: 4/4
  1704 | D:3      | Found a glowing golden altar of the Shining One.
  1736 | D:3      | Reached skill level 4 in Fighting
  1845 | D:3      | Noticed Ijyb
  1852 | D:3      | Killed Ijyb
  1916 | D:3      | Reached XP level 5. HP: 16/42 MP: 5/5
  2579 | D:3      | HP: 2/43 [worm (7)]
  2952 | D:3      | Found a burning altar of Makhleb.
  2952 | D:3      | Noticed a green death
  2955 | D:3      | Noticed an orange demon
  2955 | D:3      | Noticed a hellwing
  3371 | D:4      | Identified the Guide on the Creative Blaze
  3409 | D:4      | Noticed Natasha
  3424 | D:4      | Killed Natasha
  3448 | D:4      | HP: 2/43 [orc priest/divine providence (13)]
  3462 | D:3      | Killed from afar by an orc priest

Vault maps used:
D:1:      lemuel_arrival_tunnels, hangedman_decor_points
D:2:      nicolae_ru_great_annihilating_truth
D:3:      makhleb_altar_promises_db, overflow_temple_1_default, uniq_ijyb
D:4:      serial_shops, kennysheep_mini_moat, first_ration, uniq_natasha

Skill      XL: |  1  2  3  4 |
---------------+-------------+-----
Armour         | 3 |  3.8
Shields        | 3 |  3.4
Fighting       | 4 |  4.5
Axes           | |  1.6

Action                   |  1- 3 |  4- 6 || total
-------------------------+-------+-------++-------
Melee: War axe           |    88 |   185 ||   273
Evoke: Wand              |       |     1 ||     1
  Use: Scroll            |       |     1 ||     1
 Stab: Paralysed         |     1 |       ||     1
       Confused          |       |     1 ||     1
Armor: Scale mail        |    41 |    80 ||   121
       Chain mail        |       |    16 ||    16
Dodge: Dodged            |    21 |    63 ||    84
Block: Shield            |    45 |   103 ||   148

Table legend:
 A = Non-vault XP
 B = Vault XP
 C = Vault XP percentage of total XP
 D = Non-vault monster count
 E = Vault monster count
 F = Vault count percentage of total count
                 A         B        C        D         E       F
            +---------+---------+-------+---------+---------+-------
      Total |     224 |     119 |  34.7 |      73 |       6 |   7.6
            +---------+---------+-------+---------+---------+-------
        D:1 |      39 |       0 |   0.0 |      26 |       0 |   0.0
        D:2 |      36 |      46 |  56.1 |      11 |       4 |  26.7
        D:3 |     131 |      36 |  21.6 |      34 |       1 |   2.9
        D:4 |      18 |      37 |  67.3 |       2 |       1 |  33.3
            +---------+---------+-------+---------+---------+-------
